 Dungeon Crawl Stone Soup version 0.31-a0-844-gdc52ec4e09 (webtiles) character file.

Game seed: 15229263752583994553

4645 arthad the Thaumaturge (level 10, -1/56 HPs)
             Began as a Deep Elf Earth Elementalist on Sept 30, 2023.
             Slain by a yak (12 damage)
             ... on level 7 of the Dungeon.
             The game lasted 00:23:38 (7412 turns).

arthad the Thaumaturge (DEEE)                       Turns: 7412, Time: 00:23:38

Health: -1/56      AC:  4    Str:  5    XL:     10   Next: 20%
Magic:  24/24      EV: 15    Int: 25    God:
Gold:   496        SH:  0    Dex: 15    Spells: 12/26 levels left

rFire   . . .        F - +7 great mace "Tarph" {flame, rPois}
rCold   + . .        (shield currently unavailable)
rNeg    . . .        a - +0 robe
rPois   +            (no helmet)
rElec   .            r - +1 cloak
rCorr   .            (no gloves)
SInv    .            (no boots)
Will    +....        w - amulet of regeneration
Stlth   +++          x - ring of protection from cold
HPRegen 1.09/turn    k - ring of poison resistance
MPRegen 0.19/turn

%: no passive effects
@: about to teleport
A: no striking features
a: no special abilities


You were on level 7 of the Dungeon.
You visited 2 branches of the dungeon, and saw 9 of its levels.
You also visited: Ossuary.

You collected 496 gold pieces.

Inventory:

Hand Weapons
 s - a +2 rapier of venom
 v - a +2 short sword of speed
 y - a +1 heavy hand axe
 E - a +2 mace of holy wrath
 F - the +7 great mace "Tarph" (weapon) {flame, rPois}
   (You took it off a kobold brigand on level 8 of the Dungeon)

   rPois:     It protects you from poison
Missiles
 f - 12 poisoned darts
 n - 2 javelins
 A - 14 boomerangs
 G - a curare-tipped dart
Armour
 a - a +0 robe (worn)
 r - a +1 cloak (worn)
Jewellery
 k - a ring of poison resistance (right hand)
 p - an amulet of the acrobat
 w - an amulet of regeneration (around neck)
 x - a ring of protection from cold (left hand)
 B - an amulet of faith
Wands
 b - a wand of polymorph (2)
 m - a wand of charming (11)
Scrolls
 d - 3 scrolls of immolation
 e - 4 scrolls of amnesia
 g - 2 scrolls of brand weapon
 i - a scroll of identify
 j - 2 scrolls of teleportation
 l - a scroll of torment {unknown}
 o - a scroll of fog {unknown}
Potions
 h - 2 potions of might {unknown}
 q - 2 potions of enlightenment
 t - 2 potions of heal wounds {unknown}
 u - a potion of brilliance {unknown}
 z - 2 potions of mutation {unknown}
 C - a potion of lignification
 D - a potion of attraction {unknown}


   Skills:
 + Level 3.4 Fighting
 + Level 6.2 Dodging
 + Level 6.8 Stealth
 * Level 8.8 Spellcasting
 * Level 6.3 Conjurations
 + Level 5.3 Transmutations
 * Level 7.8 Earth Magic
 + Level 4.3 Evocations


You had 12 spell levels left.
You knew the following spells:

 Your Spells              Type           Power      Damage    Failure   Level
a - Sandblast             Erth           100%       2d20      1%          1
b - Stone Arrow           Conj/Erth      92%        3d12      1%          3
c - Passwall              Tmut/Erth      35%        N/A       1%          2
d - Petrify               Tmut/Erth      43%        N/A       3%          4
e - Brom's Barrelling Bo  Conj/Erth      46%        2d6       3%          4

Your spell library contained the following spells:

 Spells                   Type           Power      Damage    Failure   Level
 Slow                     Hex            44%        N/A       5%          1
 Confusing Touch          Hex            11%        N/A       17%         3
 Sigil of Binding         Hex            11%        N/A       17%         3
 Vampiric Draining        Necr           11%        2d6       17%         3


Dungeon Overview and Level Annotations

Branches:
Dungeon (8/15)             Temple (1/1) D:5         Ossuary (visited)
   Lair: D:8-11

Altars:
Ashenzari
Cheibriados
Dithmenos
Elyvilon
Fedhas
Gozag
Hepliaklqana
Makhleb
Nemelex Xobeh
Okawaru
Qazlal
Ru
Wu Jian
Xom
Yredelemnul
Zin
The Shining One

Annotations:
D:4 1 runed translucent door, Crazy Yiuf


Message History

Nothing appears to happen.
The yak closely misses you.
Casting: Stone Arrow (safe; 1% risk of failure)
Confirm with . or Enter, or press ? or * to list all spells.
Aiming: Stone Arrow (safe; 1% risk of failure)
Press: ? - help, Shift-Dir - straight line, f/p - yak
Aim: a yak (heavily wounded, 85% to hit)
The stone arrow hits the yak!
The yak is almost dead.
The yak misses you.
Casting: Stone Arrow (safe; 1% risk of failure)
Confirm with . or Enter, or press ? or * to list all spells.
Aiming: Stone Arrow (safe; 1% risk of failure)
Press: ? - help, Shift-Dir - straight line, f/p - yak
Aim: a yak (almost dead, 85% to hit)
The stone arrow hits the yak!!
You kill the yak!
Things that are here:
a yak corpse; a yak corpse
There is a stone staircase leading down here.
Your magical contamination has completely faded away.
Magic restored.
Done exploring.
There is a stone staircase leading down here.
You climb downwards.
The yak misses you. The white ugly thing trunk-slaps you!
The white ugly thing freezes you! You resist.
The yak gores you but does no damage.
There is a stone staircase leading up, spattered with blood here.
The white ugly thing trunk-slaps you! The white ugly thing freezes you!
You resist.
* * * LOW HITPOINT WARNING * * *
The yak gores you!
* * * LOW HITPOINT WARNING * * *
You climb upwards.
There is a stone staircase leading down here.
As you read the scroll of teleportation, it crumbles to dust.
You feel strangely unstable. The white ugly thing barely misses you.
The yak closely misses you.
The white ugly thing attacks as it pursues you!
The white ugly thing barely misses you. The yak gores you!
You die...

#...# ###.## #..# ##.#
#.## #..# ##.## #..#
##@######
#Yu....###########
##...[............
#.................
##..#########......
###...........#######
###................# #
##...###............####
#..### #................


You could see a white ugly thing and a yak.

Vanquished Creatures
  A catoblepas (D:7)
  8 yaks
  A steam dragon (D:5)
  A water moccasin (D:7)
  2 orc warriors
  3 sky beasts
  A black bear (D:4)
  2 ice beasts
  A centaur (D:5)
  An ogre (D:4)
  A phantom (D:7)
  An elf zombie (Ossuary)
  A kobold brigand (D:8)
  A bullfrog (D:7)
  5 killer bees (D:7)
  A centaur zombie (Ossuary)
  5 hounds
  A jelly (D:5)
  3 orc priests (D:7)
  3 human zombies (Ossuary)
  A sleepcap (D:6)
  4 iguanas
  7 orc wizards
  A hound zombie (Ossuary)
  3 mummies (Ossuary)
  Robin (D:2)
  3 gnolls (D:7)
  11 adders
  3 shadow imps
  2 white imps (D:6)
  5 adder zombies (Ossuary)
  3 dart slugs
  42 orcs
  8 ball pythons
  7 bats
  7 endoplasms
  5 giant cockroaches
  10 hobgoblins
  8 quokkas
  5 frilled lizards
  2 gnoll zombies (Ossuary)
  8 goblins
  3 goblin zombies (Ossuary)
  3 hobgoblin zombies (Ossuary)
  A jackal zombie (Ossuary)
  11 kobolds
  5 kobold zombies (Ossuary)
  7 quokka zombies (Ossuary)
  9 rats
  4 rat zombies
232 creatures vanquished.

Vanquished Creatures (collateral kills)
  A yak (D:7)
  A scorpion (D:6)
  A jelly (D:6)
  An adder (D:6)
  6 boulders
10 creatures vanquished.

Vanquished Creatures (others)
  A boulder (D:8)
1 creature vanquished.

Grand Total: 243 creatures vanquished

Notes
Turn   | Place    | Note
-------+----------+-------------------------------------------
     0 | D:1      | arthad the Deep Elf Earth Elementalist began the quest for
                  | the Orb.
     0 | D:1      | Reached XP level 1. HP: 10/10 MP: 6/6
   123 | D:1      | Reached XP level 2. HP: 14/15 MP: 2/8
  1050 | D:1      | Reached XP level 3. HP: 19/19 MP: 6/9
  1132 | D:2      | Noticed Robin
  1142 | D:2      | Killed Robin
  1271 | D:2      | Reached XP level 4. HP: 24/24 MP: 5/11
  1654 | D:2      | Reached skill level 4 in Spellcasting
  1981 | D:3      | Reached XP level 5. HP: 28/28 MP: 6/13
  2469 | D:3      | Found an opulent altar of Gozag.
  2626 | D:3      | Learned a level 3 spell: Stone Arrow
  2629 | D:3      | Learned a level 2 spell: Passwall
  2634 | D:3      | Learned a level 4 spell: Petrify
  2716 | D:4      | Found a stormy altar of Qazlal.
  2897 | D:4      | Noticed a black bear
  2904 | D:4      | Killed a black bear
  2905 | D:4      | Reached skill level 1 in Conjurations
  2905 | D:4      | Reached XP level 6. HP: 29/33 MP: 8/15
  2977 | D:4      | Found a snail-covered altar of Cheibriados.
  3018 | D:4      | Reached skill level 1 in Evocations
  3172 | D:4      | Learned a level 4 spell: Brom's Barrelling Boulder
  3323 | D:4      | Reached skill level 5 in Spellcasting
  3404 | D:4      | Reached skill level 1 in Fighting
  3481 | D:4      | Found a runed translucent door.
  3482 | D:4      | Noticed Crazy Yiuf
  3664 | D:5      | Entered Level 5 of the Dungeon
  3679 | D:5      | Reached XP level 7. HP: 38/38 MP: 13/16
  3679 | D:5      | Found a hazy altar of Hepliaklqana.
  3701 | D:5      | Noticed a steam dragon
  3732 | D:5      | Killed a steam dragon
  3733 | D:5      | Reached skill level 5 in Earth Magic
  3927 | D:5      | Found a staircase to the Ecumenical Temple.
  3975 | Temple   | Entered the Ecumenical Temple
  4240 | D:5      | Found a shimmering altar of Xom.
  4564 | D:6      | Reached XP level 8. HP: 32/43 MP: 7/18
  4644 | D:6      | Reached skill level 6 in Spellcasting
  4656 | D:6      | Reached skill level 5 in Stealth
  4820 | D:6      | Found a sand-covered staircase.
  4831 | Ossuary  | Entered an ossuary
  5303 | Ossuary  | Reached skill level 5 in Dodging
  5811 | D:7      | Reached skill level 7 in Spellcasting
  5912 | D:7      | Reached XP level 9. HP: 49/49 MP: 19/21
  6527 | D:7      | Reached skill level 5 in Conjurations
  6887 | D:8      | Identified the +7 great mace "Tarph" {flame, rPois}
  6965 | D:8      | Noticed a white ugly thing
  6968 | D:8      | Reached skill level 8 in Spellcasting
  6994 | D:8      | Reached skill level 5 in Transmutations
  7161 | D:8      | Noticed a catoblepas
  7170 | D:7      | Killed a catoblepas
  7171 | D:7      | Reached XP level 10. HP: 27/56 MP: 3/24
  7412 | D:7      | Slain by a yak

Illustrated notes

Levels and vault maps discovered:
D:1:      evilmike_arrival_hilbert_curve, layout_basic, nrook_loot_triangle,
          chequers_serial_rivers_micro_e
D:2:      layout_rooms, uniq_robin
D:3:      layout_rooms, grunt_gozag_breadcrumbs, grunt_decor_one_mirror
D:4:      layout_basic, kennysheep_slug_shrine, grunt_qazlal_clouds,
          uniq_crazy_yiuf_cottage
D:5:      layout_loops_cross, mainiacjoe_overflow_chevrons,
          mainiacjoe_overflow_boulevard, minmay_temple_entry_antechambers
D:6:      layout_rooms, enter_ossuary_4
D:7:      layout_cave_pods
D:8:      nzn_winding_woodlands_small [nzn_winding_woodlands_5x15_cabin,
          nzn_winding_woodlands_center_diamonds,
          nzn_winding_woodlands_5x15_twine], layout_cave_pools,
          nicolae_uskayaw_en_pointe, nicolae_overflow_two_pavilions,
          serial_column_ruins, column_ruins_open_small_water,
          column_ruins_columns_dead_end, column_ruins_grid_4,
          column_ruins_columns_straight, column_ruins_open_large,
          column_ruins_open_tiny
Temple:   nicolae_temple_bog_church

Skill      XL: |  1  2  3  4  5  6  7  8  9 |
---------------+----------------------------+-----
Stealth        | 3 4 5 6 |  6.8
Dodging        | 3 4 5 6 |  6.2
Transmutations | 2 3 4 5 |  5.3
Spellcasting   | 4 5 7 8 |  8.8
Earth Magic    | 4 5 6 7 |  7.8
Conjurations   | 1 2 3 4 6 |  6.3
Evocations     | 1 2 3 4 |  4.3
Fighting       | 1 2 3 |  3.4

Action                     |  1- 3 |  4- 6 |  7- 9 | 10-12 || total
---------------------------+-------+-------+-------+-------++-------
  Melee: Rapier            |       |       |     1 |       ||     1
   Cast: Sandblast         |    51 |   103 |   229 |       ||   383
         Stone Arrow       |       |       |    19 |     7 ||    26
         Brom's Barrelling |       |       |     9 |       ||     9
         Petrify           |       |       |     2 |       ||     2
  Evoke: Wand              |       |       |     2 |       ||     2
    Use: Scroll            |       |       |    12 |     1 ||    13
         Potion            |       |       |     6 |       ||     6
 Armour: Robe              |     4 |    18 |    91 |     5 ||   118
         Skin              |       |       |     2 |       ||     2
  Dodge: Dodged            |     3 |    22 |    94 |     9 ||   128

Table legend: (Time is in decaauts)
 A = Elapsed time spent in this place.
 B = Non-inter-level travel time spent in this place.
 C = Inter-level travel time spent in this place.
 D = Time resting spent in this place.
 E = Time spent auto-exploring this place.
 F = Levels seen in this place.
 G = Mean time per level.
                   A        B        C        D        E       F      G
               +--------+--------+--------+--------+--------+-----+--------+
         Total |   7606 |   7276 |    330 |    114 |   5598 |  10 |  760.6 |
       Dungeon |   6987 |   6657 |    330 |    114 |   5128 |   8 |  873.4 |
        Temple |     44 |     44 |      0 |      0 |     43 |   1 |   44.0 |
       Ossuary |    574 |    574 |      0 |      0 |    427 |   1 |  574.0 |
               +--------+--------+--------+--------+--------+-----+--------+

Top non-repeatable levels by time:
     D:7: 1554 daAuts
     D:1: 1223 daAuts
     D:4: 1042 daAuts
     D:5: 847 daAuts
     D:3: 802 daAuts
     D:2: 672 daAuts
 Ossuary: 574 daAuts
     D:6: 553 daAuts
     D:8: 291 daAuts
  Temple: 44 daAuts
